[Event "Early-Titled-Tuesday-Blitz-January-16-2024"]
[Site "Chess.com"]
[Date "2024.01.16"]
[Round "11"]
[White "mbchess97"]
[Black "Shuvalov"]
[Result "1-0"]
[WhiteElo "2357"]
[BlackElo "2482"]
[TimeControl "180+1"]
[EndTime "10:10:44 PST"]
[Termination "mbchess97 won by checkmate"]

1. c4 Nf6 2. g3 g6 3. Bg2 Bg7 4. Nc3 O-O 5. d4 e5 6. dxe5 Ng4 7. Nf3 Nc6 8. Bg5 f6 9. exf6 Bxf6 10. Qd5+ Kg7 11.
h4 Nb4 12. Qd2 d5 13. cxd5 Bf5 14. O-O h6 15. Bxf6+ Qxf6 16. Nd4 Bd7 17. e4 Ne5 18.
a3 Nc4 19. Qd1 Nxb2 20. Qb3 N4d3 21. Nf3 Bg4 22. e5 Qb6 23. Qxb6 axb6 24. Nh2 Bd7 25. e6 Be8 26. Ng4 Nc4 27. Rfd1 Ndb2 28. Rd4 Rxa3 29. Rxa3 Nxa3 30. Ne5 Nac4 31. Nxc4 Nxc4 32. Rxc4 c6 33. dxc6 bxc6 34. Bxc6 Bxc6 35. Rxc6 Re8 36. Rxb6 Kf6 37. Nd5+ Ke5 38. Nc7 Re7 39. Rc6 g5 40.
hxg5 hxg5 41. Kg2 g4 42. Rc4 Kd6 43. Nb5+ Kd5 44. Rxg4 Rb7 45. Nc3+ Kxe6 46. Ne4 Kf5 47. Rh4 Rb2 48. Nd6+ Ke6 49. Nc4 Ra2 50. Ne3 Kf6 51. Kf3 Kg5 52. Rb4 Rd2 53. Rb5+ Kf6 54. g4 Ra2 55. Kg3 Ra3 56. Kf4 Ra4+ 57. Kg3 Ra3 58. Rb4 Ke5 59. f4+ Ke6 60. Kf3 Rc3 61. Ke4 Ra3 62.
g5 Kd6 63. f5 Kc5 64. Rc4+ Kb5 65. Rd4 Ra1 66. Ke5 Rg1 67. g6 Kc5 68. Rc4+ Kb5 69. Rc8 Kb6 70. Kf6 Kb7 71. Re8 Kc6 72. g7 Kd7 73. g8=Q Re1 74. Qe6+ Kc7 75. Rc8+ Kb7 76. Qc6+ Ka7 77. Ra8# 1-0

[Event "Early-Titled-Tuesday-Blitz-January-16-2024"]
[Site "Chess.com"]
[Date "2024.01.16"]
[Round "11"]
[White "GMWSO"]
[Black "artooon"]
[Result "1-0"]
[WhiteElo "3082"]
[BlackElo "2981"]
[TimeControl "180+1"]
[EndTime "10:10:46 PST"]
[Termination "GMWSO won by resignation"]

1. b3 Nf6 2. Bb2 g6 3. Nf3 Bg7 4. c4 O-O 5. g3 d6 6. d4 Nbd7 7. Bg2 e5 8. dxe5 Ng4 9. O-O Ndxe5 10. Nc3 Re8 11. Qd2 h5 12. Rad1 Bh6 13. Qe1 Nxf3+ 14. Bxf3 Ne5 15. Bg2 Bg4 16. f3 Bd7 17. f4 Ng4 18. e4 Bg7 19. Qd2 Bc6 20. h3 Nf6 21.
Rfe1 Qc8 22. b4 b6 23. e5 Bxg2 24. exf6 Bf3 25. Rxe8+ Qxe8 26. fxg7 Bxd1 27. Nd5 Qe2 28. Qc3 Qf3 29. Nxc7 Qxc3 30. Bxc3 Rb8 31. Kf2 Bc2 32. Nd5 Bd3 33. Nf6+ Kxg7 34. Nd7+ Kh7 35. Nxb8 Bxc4 36.
a3 Bb5 37. Bf6 d5 38. Ke3 Kh6 39. Kd4 h4 40. Bxh4 Bf1 41. Kxd5 Bxh3 42. Nc6 f6 43. Bxf6 Bg2+ 44. Kd6 Kh5 45. Nxa7 Kg4 46. Nc8 Kxg3 47. Bg5 b5 48. Kc5 Bf1 49. Nd6 Kg4 50. Nxb5 Kf5 51. a4 Ke4 52. Nd6+ Kf3 53. b5 Bg2 54. b6 Kg4 55. a5 Ba8 56. a6 Kf3 57. Nb5 Kg4 58.
Nc7 Be4 59. Nd5 Bf3 60. b7 Kg3 61. b8=Q Kg4 62. a7 Kg3 63. a8=Q Bxd5 64. Qxd5 Kg4 65. Qbg8 Kh5 66. Qh7+ 1-0

[Event "Early-Titled-Tuesday-Blitz-January-16-2024"]
[Site "Chess.com"]
[Date "2024.01.16"]
[Round "11"]
[White "UK_23"]
[Black "Barmen_EV"]
[Result "0-1"]
[WhiteElo "2380"]
[BlackElo "2533"]
[TimeControl "180+1"]
[EndTime "10:10:53 PST"]
[Termination "Barmen_EV won by checkmate"]

1. e4 c5 2. Nf3 Nc6 3. Bb5 e5 4. Bxc6 dxc6 5. d3 Bd6 6. Nbd2 f6 7. a4 a5 8. Nc4 Bc7 9. b3 Ne7 10. Ba3 b6 11. Nh4 Be6 12. Ne3 Qd7 13. h3 O-O-O 14. Qf3 g5 15. Nhf5 Nxf5 16. Nxf5 Bxf5 17. Qxf5 Qxf5 18. exf5 h5 19. g3 e4 20. dxe4 Rhe8 21.
f3 Bxg3+ 22. Ke2 Be5 23. Rad1 Bd4 24. Bc1 b5 25. Bd2 bxa4 26. bxa4 c4 27. Bxa5 Rd5 28.
Be1 Bb6 29. Rb1 Ba7 30. Bf2 c5 31. Rhd1 Rxf5 32. Rd6 Rfe5 33. Rxf6 g4 34. hxg4 hxg4 35. Bg3 gxf3+ 36. Kxf3 Rxe4 37. Rc6+ Kd8 38. Rb7 Re3+ 39. Kg2 Re2+ 40. Kf1 R2e7 41. Bh4 Rf8+ 42. Kg2 Rg8+ 43.
Kf3 Rf8+ 44. Kg4 Rg8+ 45. Kf5 Rf8+ 46. Kg6 Rg8+ 47. Kf5 Rf8+ 48. Rf6 Rxb7 49. Rxf8+ Kd7 50. Ke5 Kc6 51. Rf6+ Kc7 52. Kd5 Rb2 53. Rf7+ Kb8 54. Kxc4 Rxc2+ 55. Kb5 c4 56. Ka6 Be3 57. Bg3+ Kc8 58.
Kb5 c3 59. Rf3 Bd2 60. Rf6 Rb2+ 61. Ka6 c2 62. Rc6+ Kd7 63. Rc7+ Kd8 64. Rc4 c1=Q 65. Rxc1 Bxc1 66. a5 Rb3 67. Be1 Be3 68. Bh4+ Kd7 69.
Bf6 Kc6 70. Bd8 Rb8 71. Bf6 Ra8# 0-1

[Event "Early-Titled-Tuesday-Blitz-January-16-2024"]
[Site "Chess.com"]
[Date "2024.01.16"]
[Round "11"]
[White "Sychev_Klementy"]
[Black "CaspiIsrael"]
[Result "1/2-1/2"]
[WhiteElo "2771"]
[BlackElo "2659"]
[TimeControl "180+1"]
[EndTime "10:10:55 PST"]
[Termination "Game drawn by agreement"]

1. e4 e5 2. Nc3 Nf6 3. g3 d5 4.
exd5 c6 5. d4 exd4 6. Qxd4 cxd5 7. Bg5 Be7 8. O-O-O Nc6 9. Bb5 O-O 10. Bxc6 bxc6 11.
Nf3 h6 12. h4 Rb8 13. Ne5 Qb6 14. Qxb6 Rxb6 15. Be3 Ra6 16. a3 Ng4 17. Nxg4 Bxg4 18. Rd2 Rb8 19. Rd4 Be6 20. Ra4 Rxa4 21. Nxa4 Rb7 22. Bd4 Rc7 23. Nc5 Bxc5 24. Bxc5 f6 25. Rd1 Kf7 26. Rd4 Bc8 27. Ra4 a6 28. Rb4 Ke6 29.
h5 Kf7 30. b3 Rb7 31. Rf4 Rb5 32. b4 a5 33. a4 Rb8 34. bxa5 Ra8 35. Bb6 Ba6 36. Rb4 Rb8 37. Kd2 Ke6 38. Rg4 Kf7 39. Kc3 Be2 40. Rh4 Ke6 41. Kd4 Kd6 42. Rh1 Re8 43.
Bc5+ Kc7 44. Rh4 Kd7 45. Kc3 Kc7 46. Rb4 Ra8 47. Kd4 Bxh5 48. Rb1 Be2 49. Re1 Re8 50. f3 Kb7 51. Kc3 d4+ 52. Kd2 Re5 53. Rb1+ Ka6 54. Bxd4 Rd5 55. Ke3 Bxf3 56. Rb8 c5 57. Bc3 Bh1 58.
Ra8+ Kb7 59. Rg8 Rg5 60. Kf2 Be4 61. Bd2 Rg6 62. c3 h5 63. Be3 c4 64. Bd4 Rg5 65.
Rf8 Rxa5 66. Rf7+ Kc6 67. Rxg7 Rxa4 68. Bxf6 Ra2+ 69. Ke3 Bd3 70. Bd4 Re2+ 71. Kf3 Re6 72. Kf4 Be2 73. Kg5 Bg4 74. Rf7 Kd5 1/2-1/2

[Event "Early-Titled-Tuesday-Blitz-January-16-2024"]
[Site "Chess.com"]
[Date "2024.01.16"]
[Round "11"]
[White "MIss_MIaMI"]
[Black "xakevicius91"]
[Result "1-0"]
[WhiteElo "2437"]
[BlackElo "2530"]
[TimeControl "180+1"]
[EndTime "10:10:57 PST"]
[Termination "MIss_MIaMI won by resignation"]

1. e4 c5 2. Nf3 a6 3. d4 cxd4 4. c3 g6 5. Bd3 Nc6 6. O-O d5 7. exd5 Qxd5 8. cxd4 Bg4 9. Nc3 Qd6 10.
Ne4 Qc7 11. Be3 Bg7 12. Rc1 Rd8 13. Be2 Qb8 14. d5 Nf6 15. Nxf6+ Bxf6 16. Bb6 Rd7 17. h3 Bxf3 18. Bxf3 O-O 19. Re1 Ne5 20. Be4 Rc8 21.
Qa4 Kg7 22. f4 Rxc1 23. Rxc1 Qd6 24. Bc5 Qc7 25. fxe5 Bxe5 26. Be3 Qd8 27. Bd4 f6 28.
Bxe5 fxe5 29. Qc4 Rd6 30. Qc3 Qb6+ 31. Kh2 Qf2 32. Qxe5+ Rf6 33. Qxe7+ Kh6 34. Qe5 Kg7 35. Rc7+ Kh6 36. Rc3 Qb6 37. Rg3 Kg7 38. d6 Qxd6 39.
Qxd6 Rxd6 40. Rb3 b5 41. Rc3 Rd2 42. Rc2 Rd4 43. Bf3 Rb4 44. b3 Rd4 45. Rc6 a5 46. Rc5 Rb4 47. Be2 a4 48. Rxb5 Re4 49.
Bf3 Rd4 50. bxa4 Rxa4 51. Rb2 h5 52. Kg3 Ra3 53. Kf2 Kf6 54. Bd5 g5 55. Bb3 g4 56.
hxg4 hxg4 57. Kg3 Kg5 58. Rc2 Ra5 59. Rc4 Kf5 60. Rxg4 Rc5 61. Rf4+ Kg5 62. Rf3 Ra5 63. Rd3 Kf6 64. Rd5 Ra6 65. Kf3 Rc6 66. Rd3 Ke5 67.
g4 Rf6+ 68. Kg3 Rf1 69. Rd5+ Ke4 70. Rd2 Rg1+ 71. Rg2 Ra1 72. g5 Kf5 73. Kf2 Kg6 74.
Ke3 Re1+ 75. Kd4 Rb1 76. Kc3 Rc1+ 77. Bc2+ Kg7 78. g6 Ra1 79. Kb2 Rg1 80. Rxg1 Kg8 81. g7 Kf7 82. Bb3+ Kf6 83. g8=Q Ke5 84. Qe6+ Kf4 85. Rg4+ Kf3 86. Qf5+ 1-0

[Event "Early-Titled-Tuesday-Blitz-January-16-2024"]
[Site "Chess.com"]
[Date "2024.01.16"]
[Round "11"]
[White "ScofieldMichael01"]
[Black "tusplingher"]
[Result "0-1"]
[WhiteElo "2572"]
[BlackElo "2493"]
[TimeControl "180+1"]
[EndTime "10:11:03 PST"]
[Termination "tusplingher won by resignation"]

1. e4 c5 2. d4 cxd4 3. c3 dxc3 4. Nxc3 Nc6 5. Nf3 e6 6. Bc4 Bb4 7. O-O Bxc3 8. bxc3 Nge7 9. Ba3 O-O 10. Bd6 Re8 11. e5 Nf5 12. Bb5 Nxd6 13. Qxd6 Qa5 14. Bxc6 dxc6 15. Rad1 b6 16. Ng5 Ba6 17. Rfe1 h6 18.
Ne4 Bc4 19. Re3 Bd5 20. Nf6+ gxf6 21. exf6 Kh7 22. Rg3 Rg8 23. Qe7 Raf8 24. Rd4 Qc5 25. Rxg8 Kxg8 26. Rg4+ Kh8 27. Qc7 Rg8 28. h3 Rxg4 29. hxg4 Qf8 30. Qxa7 b5 31. Qc7 Qg8 32. f3 h5 33. Qh2 Qg6 34. gxh5 Qxf6 35. Qb8+ Kh7 36.
Qc7 Kg7 37. Qg3+ Kh6 38. Qg8 Qg7 39. Qd8 Qxc3 40. Qf8+ Qg7 41. Qd6 Kxh5 42. Qh2+ Kg6 43. Qg3+ Kh7 44. Qh4+ Qh6 45. Qe7 Qg6 46. Qh4+ Kg7 47.
Qd4+ Qf6 48. Qg4+ Kf8 49. Qg3 e5 50. Qg4 Ke7 51. Qb4+ Qd6 52. Qh4+ Kd7 53. Qg4+ Be6 54. Qg8 Qd4+ 55. Kh2 Bxa2 56. Qb8 Be6 57. Qb7+ Ke8 58.
Qb8+ Ke7 59. Qc7+ Kf6 60. Qb8 b4 61. Qh8+ Ke7 62. Qb8 b3 63. Qc7+ Kf6 64. Qb8 b2 65. g4 Qf4+ 66. Kg2 Qd2+ 67. Kg3 Qe1+ 68. Kh3 Qh1+ 69. Kg3 b1=Q 70. Qd8+ Kg7 71. Qg5+ Kh7 72.
Qxe5 Qbg1+ 73. Kf4 Qhh2+ 74. Ke4 Qxe5+ 75. Kxe5 Qe3+ 76. Kf6 Qxf3+ 77. Ke7 Qxg4 78. Kf8 Qf5 79. Ke7 c5 80. Kf8 c4 81. Ke7 c3 82. Kf8 c2 83. Ke7 c1=Q 84.
Kf8 Qcc5+ 85. Ke8 Qc8+ 0-1

[Event "Early-Titled-Tuesday-Blitz-January-16-2024"]
[Site "Chess.com"]
[Date "2024.01.16"]
[Round "11"]
[White "PavelShkapenko"]
[Black "Zhigalko_Sergei"]
[Result "0-1"]
[WhiteElo "2786"]
[BlackElo "2959"]
[TimeControl "180+1"]
[EndTime "10:11:04 PST"]
[Termination "Zhigalko_Sergei won by resignation"]

1. e4 c5 2. c3 Nf6 3. e5 Nd5 4. d4 cxd4 5. cxd4 d6 6. Nf3 Nc6 7. Bc4 Nb6 8. Bb3 d5 9. Nh4 e6 10. Nf3 Be7 11. O-O Bd7 12. Nc3 Rc8 13. Ne2 Qc7 14.
Bf4 Na5 15. Rc1 Qb8 16. Bg5 Rxc1 17. Qxc1 Qd8 18. Ng3 Bb5 19. Re1 Bxg5 20. Nxg5 h6 21.
Nf3 O-O 22. Nh5 Bd3 23. Bc2 Bg6 24. Nf4 Bxc2 25. Qxc2 Nc6 26. Nh5 Qe7 27. Qd2 Rc8 28. Qf4 Kh8 29. Qg4 Qf8 30. Rc1 Nd7 31. h3 a6 32. Rc3 Ne7 33. Rxc8 Nxc8 34. Nh4 Ne7 35. Kh2 Nb8 36. f4 Nbc6 37. f5 exf5 38.
Nxf5 Nxf5 39. Qxf5 Nxd4 40. Qd3 Qc5 41. Qg3 Ne6 42. Qf3 Kg8 43. Qg3 Qd4 44. Nf6+ Kh8 45. Nh5 Qxb2 46. Qf3 Qxe5+ 47. Ng3 Kg8 48. Qb3 Ng5 49.
Kh1 b5 50. Nf1 Ne4 51. Qf3 Qf6 52.
Qxf6 Nxf6 53. Ne3 a5 54. Nf5 b4 55. Nd4 a4 56. Kg1 Ne4 57. Kf1 Nc3 58. Nc2 Nxa2 59.
Ke2 b3 60. Na3 Nc3+ 61. Kd3 Ne4 62. Kd4 b2 63. Kd3 f5 64. Kc2 Kf7 65. Kxb2 Ke6 66. Kc2 Ke5 67. Kd3 Kf4 68. Kd4 Kg3 69. Kxd5 Kxg2 70. Ke5 g6 71. h4 Kh3 72. h5 gxh5 73.
Kxf5 Nc5 74. Kg6 h4 75. Kxh6 Kg2 76. Nc4 h3 77. Ne3+ Kf3 78. Nf1 a3 79. Nd2+ Kg2 80.
Nc4 a2 81. Ne3+ Kf3 82. Nc2 h2 83. Nd4+ Kg2 0-1

[Event "Early-Titled-Tuesday-Blitz-January-16-2024"]
[Site "Chess.com"]
[Date "2024.01.16"]
[Round "11"]
[White "maciek_92"]
[Black "NovozhilovSemen"]
[Result "1/2-1/2"]
[WhiteElo "2835"]
[BlackElo "2670"]
[TimeControl "180+1"]
[EndTime "10:11:07 PST"]
[Termination "Game drawn - insufficient material"]

1. c4 Nf6 2. Nc3 e6 3. Nf3 c5 4.
d4 cxd4 5. Nxd4 Bb4 6. Qb3 Qa5 7. Bd2 O-O 8. a3 Bxc3 9. Bxc3 Qh5 10. g3 Ne4 11. Bg2 f5 12. O-O Nc6 13. Nxc6 bxc6 14.
Qc2 d5 15. Be5 Ba6 16. b3 Rac8 17. Rad1 Rfd8 18. f3 Nd6 19. Qc3 Qf7 20. Qa5 Qb7 21. Qb4 Qxb4 22. axb4 Nf7 23. Bc3 dxc4 24. bxc4 Bxc4 25.
Kf2 Bd5 26. Ra1 Ra8 27. Ra5 Nd6 28. Rfa1 Nb5 29. Be5 Bc4 30. Rc1 Bd5 31. e4 fxe4 32. fxe4 Bb3 33. Rxc6 Rd2+ 34. Kg1 Rf8 35. Bf4 Rd1+ 36.
Kf2 Nd4 37. Rd6 h6 38. h4 Kh7 39. Rxa7 e5 40. Rdd7 Bf7 41. Bxe5 Be6+ 42. Bf4 Bxd7 43. Rxd7 Rd2+ 44. Kf1 Nb3 45. Rxd2 Nxd2+ 46. Kf2 g5 47. Ke2 gxf4 48. Kxd2 fxg3 49. Ke3 Rf2 50. Bh3 Rh2 51. Bf5+ Kg7 52. Kf3 g2 53. Kf2 Kf6 54. b5 g1=Q+ 55.
Kxg1 Rb2 56. b6 Rxb6 57. Kf2 Rb3 58. Kg2 Ke5 59. h5 Re3 60. Bg6 Kf4 61. Kf2 Rf3+ 62. Ke2 Ra3 63. Kd2 Rg3 64. Ke2 Rg2+ 65. Kd3 Rf2 66.
Kc3 Rf1 67. Kd3 Rd1+ 68. Ke2 Rd4 69. Bf5 Rd6 70. Bg6 Kg5 71. Ke3 Ra6 72. Kd4 Kf4 73. Kd5 Ra5+ 74. Ke6 Re5+ 75. Kf6 Rg5 76. Kg7 Rxh5 77.
Bxh5 Kxe4 78. Kxh6 1/2-1/2

[Event "Early-Titled-Tuesday-Blitz-January-16-2024"]
[Site "Chess.com"]
[Date "2024.01.16"]
[Round "11"]
[White "Caroexpert"]
[Black "Jojo_898"]
[Result "1-0"]
[WhiteElo "2569"]
[BlackElo "2453"]
[TimeControl "180+1"]
[EndTime "10:11:16 PST"]
[Termination "Caroexpert won on time"]

1. Nf3 Nf6 2. d4 b6 3. Bf4 Bb7 4. e3 g6 5. Be2 Bg7 6. O-O O-O 7.
h3 c5 8. c3 d5 9. Nbd2 Nc6 10. Ne5 Nd7 11. Nxc6 Bxc6 12. b4 c4 13. Nf3 f6 14. Bh2 e5 15. dxe5 fxe5 16. e4 dxe4 17.
Bxc4+ Kh8 18. Nd2 Qg5 19. Qe2 e3 20. fxe3 Bh6 21. Rae1 Nf6 22. Nf3 Bxf3 23. Rxf3 Ne4 24. Bd5 Nxc3 25. Qd3 Nxd5 26. Qxd5 Bg7 27. Ref1 Rfd8 28.
Qe4 Rac8 29. h4 Qh5 30. Rf7 Re8 31. Qb7 Qh6 32. Kh1 Rg8 33. Qe4 Rcd8 34. Bg3 Rde8 35. Kh2 a5 36. Kh3 axb4 37. Qxb4 Qxe3 38. Qg4 Qh6 39. Rd7 Rgf8 40. Rxf8+ Rxf8 41. Rb7 Re8 42. Qd7 Rg8 43. Rxb6 e4 44. Re6 e3 45. Re8 Qh5 46.
Qf7 Qf5+ 47. Qxf5 gxf5 48. Rxe3 Ra8 49. Re2 Bf6 50. Bf4 Ra3+ 51. g3 Kg7 52. Kg2 Kf7 53. Kf2 Bd4+ 54. Ke1 Bc3+ 55. Kd1 Bd4 56. Kc1 Kg6 57. Kb1 Kh5 58. Rd2 Bg1 59. Rd7 Kg4 60.
Rxh7 Bf2 61. Rg7+ Kf3 62. h5 Bd4 63. Rf7 Kg4 64. h6 Rd3 65. Kc2 Rf3 66. h7 Rf2+ 67. Kd3 Ba1 68. Rf8 Rxa2 69. h8=Q 1-0

[Event "Early-Titled-Tuesday-Blitz-January-16-2024"]
[Site "Chess.com"]
[Date "2024.01.16"]
[Round "11"]
[White "GalaxyRoman"]
[Black "Zurability"]
[Result "1/2-1/2"]
[WhiteElo "2872"]
[BlackElo "2749"]
[TimeControl "180+1"]
[EndTime "10:11:58 PST"]
[Termination "Game drawn by stalemate"]

1. e4 c5 2. Nc3 d6 3. f4 g6 4. Nf3 Bg7 5. Bb5+ Bd7 6. Bxd7+ Qxd7 7. O-O Nc6 8. d3 e6 9. Qe1 Nge7 10. Be3 Nd4 11. Qf2 Nec6 12. Kh1 f5 13. exf5 gxf5 14. Rae1 O-O-O 15. Bxd4 Nxd4 16. Nxd4 Bxd4 17. Qe2 Rde8 18. Nd1 h5 19. c3 Bf6 20. Ne3 h4 21. Qf3 Reg8 22.
Re2 Rg3 23. Qf2 Qc6 24. Rfe1 Rg6 25. d4 h3 26. d5 hxg2+ 27. Kg1 exd5 28. Nxf5 d4 29. cxd4 Qd5 30. Ne7+ Bxe7 31. Rxe7 Qh5 32. Re8+ Rxe8 33. Rxe8+ Kd7 34. Re1 Rh6 35. Qg3 Rg6 36.
Qe3 Rg7 37. dxc5 dxc5 38. Qe6+ Kc7 39. Qe5+ Qxe5 40. Rxe5 Kd6 41. Rg5 Rf7 42. Rg4 Re7 43. Rxg2 Re1+ 44. Kf2 Ra1 45. a3 c4 46. Kf3 c3 47.
bxc3 Rxa3 48. Rc2 b5 49. Ke4 a5 50. h4 Ke6 51. h5 Ra4+ 52. Ke3 Kf5 53. Rd2 Re4+ 54.
Kd3 Rxf4 55. Rh2 Rf3+ 56. Kc2 Kg5 57. h6 Rf8 58. h7 Rh8 59. Rd2 Kg6 60. Rd5 Rxh7 61.
Rxb5 Ra7 62. Kb3 Kf6 63. Ka4 Ke6 64. Rxa5 Rc7 65. Kb4 Kd6 66. Ra6+ Kd5 67. Rb6 Rc4+ 68. Kb3 Rc8 69. Kb4 Rc4+ 70. Kb3 Rc8 71. Rh6 Kc5 72.
Rh5+ Kb6 73. c4 Rg8 74. Kb4 Rg6 75. Rb5+ Kc6 76. Ra5 Kb7 77. Kb5 Rg1 78. Ra3 Rg5+ 79. c5 Rg6 80. Re3 Rh6 81. Re7+ Kc8 82. Rg7 Rf6 83. Ra7 Rh6 84. Ra8+ Kb7 85. Rd8 Kc7 86.
Rd2 Rh1 87. Rb2 Rc1 88. Rb4 Rc2 89. Rg4 Rb2+ 90. Kc4 Rc2+ 91. Kd4 Rd2+ 92. Kc3 Rh2 93. Kc4 Rc2+ 94. Kd4 Rd2+ 95. Kc3 Rh2 96. Rg6 Rh4 97. Rf6 Rg4 98. Rd6 Rh4 99. Kd3 Rg4 100. Rd4 Rxd4+ 101. Kxd4 Kc6 102. Kc4 Kc7 103. Kd5 Kd7 104.
c6+ Kc7 105. Kc5 Kc8 106. Kd6 Kd8 107. c7+ Kc8 108. Kc6 1/2-1/2

[Event "Early-Titled-Tuesday-Blitz-January-16-2024"]
[Site "Chess.com"]
[Date "2024.01.16"]
[Round "11"]
[White "Nikolakis2014"]
[Black "inneremptiness"]
[Result "0-1"]
[WhiteElo "2751"]
[BlackElo "2887"]
[TimeControl "180+1"]
[EndTime "10:12:26 PST"]
[Termination "inneremptiness won on time"]

1. Nf3 Nf6 2. c4 g6 3. Nc3 Bg7 4. d4 O-O 5. e4 d6 6. Be2 Re8 7. O-O Nc6 8. d5 Nb4 9. a3 Na6 10. Be3 e6 11. Nd2 exd5 12. cxd5 Nc5 13. f3 c6 14.
dxc6 bxc6 15. Bf2 Ne6 16. Nb3 a5 17. Rb1 Nf4 18. Re1 Nxe2+ 19. Rxe2 d5 20. Nc5 dxe4 21. Qxd8 Rxd8 22. N3xe4 Nxe4 23. Nxe4 Ba6 24. Re3 Bd3 25. Rbe1 Bxb2 26. Kh1 Bxe4 27. fxe4 c5 28. Bh4 Rd2 29. e5 Re8 30. Bf6 c4 31. h4 h5 32. Kh2 c3 33. e6 Rxe6 34. Rxe6 fxe6 35. Rxe6 Rc2 36. Rc6 Rc1 37. Bd4 Kf7 38. a4 Ke7 39. Rc5 Ke6 40.
Rxa5 Rd1 41. Bh8 Ra1 42. Rc5 Rxa4 43. Bxc3 Rxh4+ 44. Kg3 Rg4+ 45. Kf3 Ba3 46. Rc6+ Kd5 47. Ra6 Bd6 48. Ra5+ Ke6 49. Bd2 Rg3+ 50. Kf2 Rb3 51. Be3 Rb2+ 52. Kf3 Rb3 53. Ra6 Kd5 54. Ra5+ Ke6 55.
Rg5 Kf6 56. Rd5 Be5 57. Ke4 Rb4+ 58. Kf3 Kf5 59. g3 Ra4 60. Rb5 Ra3 61. Rd5 g5 62. Rb5 g4+ 63. Ke2 Ra2+ 64. Kd3 Ra3+ 65. Ke2 Ke6 66. Rb6+ Kf7 67. Rh6 Ra2+ 68. Kd3 Bxg3 69. Rxh5 Bd6 70. Ke4 Ra4+ 71. Bd4 g3 72. Rg5 Ke6 73.
Rg6+ Kd7 74. Kd5 Ra5+ 75. Ke4 Ra2 76. Rg7+ Kc6 77. Rg6 Kd7 78. Rg7+ Ke8 79. Rg6 Ke7 80.
Rg7+ Kf8 81. Rg6 Bc7 82. Kf3 Ra3+ 83. Kg2 Rd3 84. Bc5+ Kf7 85. Rg4 Rd2+ 86. Kf3 Rc2 87. Bd4 Ke6 88. Be3 Kf5 89. Rg5+ Kf6 90. Rg4 Be5 91. Rh4 Ra2 92. Rg4 Ke6 93. Rg6+ Kf5 94. Rg5+ Kf6 95. Rg4 Ra1 96. Bf4 Ra3+ 97. Kg2 Kf5 98. Rxg3 Ra2+ 99. Kf3 Bxf4 100. Rg2 Ra3+ 101. Ke2 Ke4 102. Kf1 Bg3 103. Re2+ Kf3 104. Rf2+ Kg4 105. Rf7 Ra2 106. Kg1 Bf4 107. Rb7 Kf3 108. Rb3+ Be3+ 109. Kh1 Ra1+ 110. Kh2 Ra6 0-1